Map: Port Aleksander LE

Players

herO - Winner!

  • Race: Protoss Protoss
  • Spawn Location: 5:00

Trap

  • Race: Protoss Protoss
  • Spawn Location: 11:00

Event: IEM Season 13: Katowice (2019)

VOD

Have the link to the VOD?

Description

Time

  • Played on: March 2, 2019, 5:36 a.m.
  • Length: 13:13

All games in this series

Show
View Real Time Build Order
Export as new Build Order

herO Protoss - Winner!

Build Orders: Phoenix Opening 

Get SALT Encoding   

  12  0:00  Probe  
  13  0:12  Probe  
  14  0:18  Pylon  
  14  0:24  Probe  
  15  0:32  Probe  
  15  0:38  Gateway  
  15  0:40  Probe  
  16  0:47  Assimilator  
  17  0:51  Probe  
  17  0:56  Assimilator  
  18  1:03  Probe  
  19  1:11  Gateway  
  19  1:15  Probe  
  20  1:25  Cybernetics Core  
  20  1:27  Probe  
  21  1:35  Pylon  
  21  1:39  Probe  
  22  1:42  Warp Gate  
  22  1:51  Probe  
  23  2:02  Sentry, Stalker  
  23  2:07  Pylon  
  27  2:28  Stalker  
  29  2:32  Stalker  
  31  2:46  Nexus  
  31  2:59  Sentry  
  31  3:02  Sentry  
  35  3:08  Shield Battery  
  36  3:17  Pylon  
  35  3:24  Robotics Facility  
  35  3:36  Stalker x2  
  39  3:43  Shield Battery  
  39  3:57  Phoenix  
  39  4:00  Gateway  
  39  4:01  Sentry  
  41  4:04  Stalker  
  41  4:09  Probe  
  44  4:14  Warp Prism  
  42  4:19  Nexus  
  44  4:32  Probe, Phoenix  
  45  4:39  Twilight Council  
  45  4:44  Probe  
  46  4:49  Pylon  
  46  4:51  Observer  
  47  5:00  Resonating Glaives  
  47  5:07  Probe  
  47  5:12  Immortal  
  52  5:19  Probe  
  53  5:32  Adept  
  53  5:33  Adept  
  57  5:36  Adept  
  57  5:41  Observer  
  53  5:53  Gateway  
  53  5:55  Sentry  
  54  5:58  Adept  
  56  6:08  Adept  
  56  6:24  Adept  
  56  6:25  Adept  
  60  6:27  Adept  
  60  6:50  Warp Prism  
  35  7:25  Adept x2  
  35  7:26  Sentry  
  35  7:28  Adept  
  43  7:36  Probe x2  
  45  7:45  Stalker  
  45  7:46  Stalker  
  45  7:49  Adept x2  
  53  8:12  Adept x4  
  59  8:32  Warp Prism  
  45  8:52  Adept  
  45  8:53  Adept x3  
  51  9:04  Observer  
  50  9:24  Adept, Stalker  
  50  9:25  Adept x2  
  58  9:42  Adept x3  
  62  9:51  Warp Prism  
  50  10:11  Sentry  
  50  10:12  Adept x3  
  57  10:36  Adept x4  
  63  11:00  Adept x3  
  59  11:20  Warp Prism  
  51  11:33  Adept x3  
  49  11:59  Stalker x3  
  55  12:02  Stalker  
  55  12:30  Adept x4  
  61  12:56  Adept x4  
Show
View Real Time Build Order
Export as new Build Order

Trap Protoss 

Build Orders: Phoenix Opening 

Get SALT Encoding   

  12  0:00  Probe  
  13  0:12  Probe  
  14  0:18  Pylon  
  14  0:24  Probe  
  15  0:33  Probe  
  15  0:39  Gateway  
  15  0:41  Probe  
  17  0:51  Probe  
  17  0:54  Assimilator  
  18  0:58  Assimilator  
  18  0:59  Probe  
  19  1:07  Probe  
  19  1:15  Gateway  
  19  1:17  Probe  
  21  1:29  Probe, Cybernetics Core  
  22  1:37  Pylon  
  22  1:41  Probe  
  23  1:55  Probe  
  24  2:06  Stargate  
  24  2:07  Stalker  
  26  2:17  Stalker  
  26  2:22  Pylon  
  28  2:26  Warp Gate  
  28  2:38  Stalker  
  28  2:44  Shield Battery  
  30  2:53  Phoenix  
  32  3:01  Probe  
  32  3:09  Phoenix  
  32  3:16  Probe  
  35  3:25  Nexus  
  35  3:28  Probe  
  36  3:36  Phoenix  
  38  3:43  Pylon  
  38  3:46  Probe  
  39  3:53  Phoenix  
  39  4:01  Probe  
  42  4:13  Stalker x2  
  46  4:35  Robotics Facility  
  46  4:36  Probe  
  45  4:38  Zealot  
  45  4:39  Zealot  
  45  4:44  Phoenix  
  49  4:47  Shield Battery  
  51  4:59  Probe x2  
  53  5:07  Phoenix  
  53  5:11  Probe x2  
  57  5:16  Observer  
  57  5:17  Pylon  
  57  5:23  Probe  
  57  5:24  Probe  
  57  5:25  Immortal  
  60  5:35  Probe  
  60  5:36  Probe  
  64  5:51  Probe x2  
  64  5:56  Twilight Council, Pylon  
  66  6:00  Pylon  
  66  6:03  Probe x2, Assimilator  
  68  6:04  Immortal  
  72  6:19  Zealot, Shield Battery  
  72  6:23  Stalker  
  76  6:31  Pylon  
  76  6:40  Adept  
  76  6:42  Pylon  
  72  6:50  Immortal  
  72  6:53  Stalker  
  60  7:04  Phoenix  
  60  7:07  Adept  
  48  7:08  Probe x2  
  48  7:23  Probe x2  
  50  7:32  Gateway  
  50  7:33  Gateway  
  52  7:44  Sentry  
  52  7:48  Probe x2  
  52  7:50  Adept  
  56  7:56  Shield Battery  
  56  8:11  Sentry  
  58  8:13  Sentry  
  58  8:32  Adept x2  
  50  8:34  Adept  
  50  8:36  Adept, Probe x2  
  52  8:44  Probe x2  
  47  8:54  Probe  
  47  8:55  Probe  
  49  8:57  Sentry  
  49  8:59  Sentry  
  55  9:07  Probe x2  
  57  9:10  Phoenix  
  57  9:19  Probe x2  
  61  9:29  Shield Battery  
  61  9:32  Phoenix  
  61  9:35  Adept  
  65  9:40  Adept  
  65  9:50  Pylon  
  65  9:51  Sentry  
  57  9:58  Adept  
  57  9:59  Adept  
  54  10:03  Adept  
  48  10:16  Immortal  
  48  10:19  Sentry  
  50  10:25  Probe x2  
  54  10:35  Phoenix  
  54  10:46  Adept x2  
  60  10:50  Immortal  
  64  11:05  Adept  
  66  11:16  Adept x2  
  64  11:24  Adept  
  56  11:28  Adept  
  56  11:40  Adept x2  
  44  11:56  Probe x2  
  46  12:01  Phoenix  
  46  12:08  Pylon  
  48  12:21  Immortal  
  50  12:38  Adept  
  50  12:40  Adept  
  54  12:52  Pylon  
  48  12:58  Adept x2  
  41  13:06  Adept  

Tags
 
Add a new tag
Caveats
  • Supply blocks, unpowered buildings, or Contaminate may cause inaccurate times.
  • Supply counts are checked every 10 seconds.